 Dungeon Crawl Stone Soup version 0.31.0-32-g396128a36d (webtiles) character file.

Game seed: 17938655148065038769

133317 Peloso the Fencer (level 16, -25/155 HPs)
             Began as a Minotaur Fighter on Mar 10, 2024.
             Was the Champion of Okawaru.
             Annihilated by an enormous slime creature (58 damage)
             ... on level 15 of the Dungeon.
             The game lasted 01:39:33 (25844 turns).

Peloso the Fencer (Minotaur Fighter)               Turns: 25844, Time: 01:39:34

Health: -25/155    AC: 24    Str: 27    XL:     16   Next: 59%
Magic:  26/26      EV: 11    Int:  5    God:    Okawaru [******]
Gold:   1533       SH: 12    Dex: 18    Spells: 15/15 levels left

rFire   + . .        b - +3 scimitar (vamp)
rCold   + . .        d - +3 warlock's mirror {omnireflect}
rNeg    . . .        I - +1 plate armour
rPois   .            (helmet restricted)
rElec   +            B - +0 cloak
rCorr   .            u - +2 pair of gloves {hurl}
SInv    +            s - -1 pair of boots of Submission {rElec Regen+ Str+4 Stlth-}
Will    +....        h - amulet "Noseh" {Regen+ SInv} Stlth
                     k - ring of protection from fire
HPRegen 2.05/turn    o - ring of Diakhoes {rC+ MP+9 Dex+2 SInv}
MPRegen 0.20/turn

%: reflection
@: no status effects
A: horns 2, retaliatory headbutt, electricity resistance
a: Renounce Religion, Heroism, Finesse, Duel, Receive Weapon, Receive Armour


You were on level 15 of the Dungeon.
You worshipped Okawaru.
Okawaru was exalted by your worship.
You visited 4 branches of the dungeon, and saw 23 of its levels.
You visited the Abyss 2 times.
You also visited: Bailey and Ice Cave.

You collected 2003 gold pieces.
You spent 470 gold pieces at shops.

Inventory:

Hand Weapons
 a - a +0 double sword of freezing
 b - a +3 vampiric scimitar (weapon)
 c - a +2 long sword of flaming
 x - the +8 longbow "Zephyr" {speed, Dex+3 SInv}
   (You found it in a bailey)

   Dex+3:     It affects your dexterity (+3).
   SInv:      It lets you see invisible.
Armour
 d - the +3 warlock's mirror (worn) {omnireflect}
   (You found it on level 14 of the Dungeon)

   Omnireflect: It can block and reflect piercing ranged attacks and magical
   attacks against the wielder's willpower.
 s - the -1 pair of boots of Submission (worn) {rElec Regen+ Str+4 Stlth-}
   (You bought it in a shop on level 2 of the Orcish Mines)

   Str+4:     It affects your strength (+4).
   rElec:     It insulates you from electricity.
   Regen+:    It increases your rate of health regeneration.
   Stlth-:    It makes you less stealthy.
 u - a +2 pair of gloves of hurling (worn)
 B - a +0 cloak (worn)
 E - a +2 chain mail of cold resistance
 I - a +1 plate armour (worn)
Jewellery
 h - the amulet "Noseh" (around neck) {Regen+ SInv}
   (You found it in an ice cave)

   [amulet of regeneration]

   SInv:      It lets you see invisible.
   Regen+:    It increases your rate of health regeneration.
 k - a ring of protection from fire (left hand)
 m - a +4 ring of protection
 o - the ring of Diakhoes (right hand) {rC+ MP+9 Dex+2 SInv}
   (You found it in an ice cave)

   [ring of protection from cold]

   Dex+2:     It affects your dexterity (+2).
   rC+:       It protects you from cold.
   MP+9:      It affects your magic capacity (+9).
   SInv:      It lets you see invisible.
 v - a ring of resist corrosion
 C - an amulet of the acrobat
 D - a ring of poison resistance
 F - a ring of positive energy
 L - a ring of protection from cold
 M - an amulet of faith
 P - a +6 ring of strength
Wands
 J - a wand of polymorph (10)
 K - a wand of digging (6)
Scrolls
 e - 7 scrolls of enchant weapon
 f - 5 scrolls of poison
 g - 2 scrolls of teleportation
 i - 8 scrolls of amnesia
 n - 3 scrolls of fog
 q - 4 scrolls of revelation
 w - a scroll of immolation
 y - 11 scrolls of identify
 A - a scroll of blinking
 G - 2 scrolls of fear
 Q - a scroll of silence {unknown}
Potions
 j - 3 potions of brilliance
 l - 3 potions of cancellation
 p - 6 potions of curing
 r - 3 potions of ambrosia
 t - 3 potions of mutation
 z - a potion of enlightenment
 H - 3 potions of invisibility
 N - a potion of might
Miscellaneous
 O - a lightning rod (4/4)


   Skills:
 + Level 17.0 Fighting
 + Level 18.5 Long Blades
 + Level 16.5 Armour
 + Level 5.3 Dodging
 + Level 1.7 Stealth
 + Level 18.2 Shields
 + Level 3.4 Invocations
 + Level 2.9 Evocations


You had 15 spell levels left.
You didn't know any spells.
Your spell library contained the following spells:

 Spells                   Type           Power      Damage    Failure   Level
 Apportation              Tloc           0%         N/A       97%         1
 Freeze                   Ice            0%         1d3       97%         1
 Necrotise                Necr           0%         1d4       97%         1
 Sting                    Conj/Alch      0%         1d3       97%         1
 Mercury Vapours          Alch/Air       0%         N/A       99%         2
 Frozen Ramparts          Ice            0%         1d1       100%        3
 Hailstorm                Conj/Ice       0%         3d5       100%        3
 Inner Flame              Hex/Fire       0%         N/A       100%        3
 Vampiric Draining        Necr           0%         2d6       100%        3
 Dimensional Bullseye     Hex/Tloc       0%         N/A       100%        4
 Flame Wave               Conj/Fire      0%         2d4       100%        4
 Iskenderun's Mystic Bla  Conj/Tloc      0%         2d3       100%        4
 Leda's Liquefaction      Alch/Erth      0%         N/A       100%        4
 Passage of Golubria      Tloc           0%         N/A       100%        4
 Sticky Flame             Fire/Alch      0%         2d4       100%        4
 Curse of Agony           Necr           0%         N/A       100%        5
 Lee's Rapid Deconstruct  Erth           0%         3d4*      100%        5
 Yara's Violent Unravell  Hex/Alch       0%         3d3       100%        5
 Bombard                  Conj/Erth      0%         9d1       100%        6
 Conjure Ball Lightning   Conj/Air       0%         3x3d6     100%        6
 Eringya's Noxious Bog    Alch           0%         4d6       100%        6
 Ozocubu's Refrigeration  Ice            0%         4d7       100%        7
 Discord                  Hex            0%         N/A       100%        8
 Disjunction              Tloc           0%         N/A       100%        8
 Ignition                 Fire           0%         3d3       100%        8
 Polar Vortex             Ice            0%         N/A       100%        9
 Summon Small Mammal      Summ           Unusable   N/A       N/A         1
 Tukima's Dance           Hex            Unusable   N/A       N/A         3
 Martyr's Knell           Necr/Summ      Unusable   N/A       N/A         4
 Sculpt Simulacrum        Ice/Alch       Unusable   N/A       N/A         6

Dungeon Overview and Level Annotations

Branches:
Dungeon (15/15)            Temple (1/1) D:7            Lair (5/5) D:10
 Shoals (0/4) Lair:3        Snake (0/4) Lair:3        Slime (0/5) Lair:5
    Orc (2/2) D:9             Elf (0/3) Orc:2        Vaults (0/5) D:14
 Bailey (visited)           IceCv (visited)
 Depths: D:15

Altars:
Ashenzari
Cheibriados
Dithmenos
Elyvilon
Fedhas
Gozag
Hepliaklqana
Kikubaaqudgha
Makhleb
Nemelex Xobeh
Okawaru
Qazlal
Ru
Sif Muna
Trog
Uskayaw
Vehumet
Wu Jian
Xom
Yredelemnul
Zin
The Shining One

Shops:
D:2 [   D:8 !   D:10 (   Orc:2 *(*

Annotations:
D:2 1 runed translucent door, Crazy Yiuf
D:9 2 transporters, lis82's ghost, novice DgEE


Innate Abilities, Weirdness & Mutations

You have a pair of horns on your head.
You reflexively headbutt those who attack you in melee.
You are resistant to electric shocks. (rElec)


Message History

You slice the very large slime creature!!
You feel better.
Your headbutt misses the very large slime creature.
The very large slime creature is heavily wounded.
Unknown command.
You slash the very large slime creature!
The very large slime creature is heavily wounded.
Two slime creatures merge to form an enormous slime creature.
A slime creature comes into view.
Unknown command.
You barely miss the enormous slime creature.
You headbutt the enormous slime creature.
The enormous slime creature is heavily wounded.
You block the enormous slime creature's attack.
Unknown command.
You hit the enormous slime creature.
The enormous slime creature is heavily wounded.
Unknown command.
You slice the enormous slime creature!!
The enormous slime creature is heavily wounded.
The enormous slime creature completely misses you.
Unknown command.
You slice the enormous slime creature!!
You headbutt the enormous slime creature!
The enormous slime creature is severely wounded.
The enormous slime creature hits you!!!!
You hear a shout! x2
Unknown command.
You slash the enormous slime creature!
The enormous slime creature is severely wounded.
You slash the enormous slime creature!
You feel better.
The enormous slime creature is severely wounded.
The enormous slime creature hits you!!!
* * * LOW HITPOINT WARNING * * *
You slash the enormous slime creature!
You feel better.
You headbutt the enormous slime creature.
The enormous slime creature is almost dead.
A centaur warrior comes into view.
The enormous slime creature hits you!!!
You die...

..[.......... .......# #..c.
.....#.#......#...
.....#.#.(....#...
####.#.#......#...
...#.#)#......##J#
.#.#.#.#......##.#
.#.#.#.#......##J#
.#.#.#.#......##@#
...#.#.#......##.#
.###..........##.############
..............##............#
.............###.##########.#
#####........# #.# #.#
#........# #.# #.# #........#
#.# #.# #........# #.# #.# #


You could see an enormous slime creature, a slime creature and a centaur
warrior.

Vanquished Creatures
  Kirke (D:11)
  Gastronok (Lair:2)
  2 azure jellies (IceCv)
  A reaper (Abyss:1)
  An ironbound thunderhulk (D:14)
  Nessos (Lair:4)
  3 dire elephants (Lair:5)
  An ice dragon (D:12)
  2 catoblepae
  Erolcha (D:10)
  2 vault guards (D:14)
  10 hydras
  4 boulder beetles
  7 centaur warriors
  4 death yaks
  4 two-headed ogres
  Urug (Lair:4)
  2 occultists (D:14)
  3 orc high priests (Orc:2)
  Sonja (Lair:3)
  Nergalle (Lair:3)
  4 skysharks
  A skeletal warrior (D:13)
  A spectral death yak (Lair:5)
  A spectral anaconda (Lair:5)
  A lindwurm (Lair:5)
  Pikel (D:4)
  6 arcanists (D:14)
  A deep elf pyromancer (D:14)
  An obsidian statue (Lair:5)
  2 ugly things
  4 necromancers (Lair:5)
  10 orc knights
  An oklob plant (Lair:5)
  An orc sorcerer (Orc:2)
  A wolf spider (D:13)
  4 manticores
  2 merfolk sirens (Lair:3)
  4 cyclopes
  14 elephants
  3 kobold blastminers (Orc:1)
  7 black mambas
  An ice statue (IceCv)
  19 cane toads
  A dire elephant skeleton (Lair:5)
  2 unseen horrors (D:10)
  3 rime drakes
  7 komodo dragons
  A tengu conjurer (D:14)
  A burning bush (Lair:1)
  6 polar bears
  A merfolk (Lair:3)
  5 trolls
  3 hornets
  Grinder (D:5)
  15 blink frogs
  12 dream sheep (Lair:3)
  Prince Ribbit (D:7)
  17 slime creatures
  2 shadows
  80 yaks
  A centaur simulacrum (D:14)
  8 wyverns
  5 wraiths
  3 vampires
  11 wargs (Orc:2)
  3 basilisks
  A death yak simulacrum (Lair:5)
  4 hogs (D:12)
  2 humans
  A neqoxec (Abyss:1)
  A steam dragon (Lair:3)
  15 vampire mosquitoes
  Menkaure (D:7)
  2 nagas (Lair:3)
  A spectral cane toad (Lair:5)
  Duvessa (D:4)
  23 water moccasins
  6 great orb of eyes simulacra (IceCv)
  44 orc warriors
  2 ice beasts
  12 ogres
  A sky beast (D:8)
  3 black bears
  3 laughing skulls
  9 centaurs
  11 wolves
  2 phantoms (D:6)
  5 slime creature simulacra (IceCv)
  3 kobold brigands
  12 bullfrogs
  2 glowing shapeshifter simulacra (IceCv)
  2 cane toad simulacra (Lair:5)
  4 scorpions
  5 wights (D:8)
  Dowan (D:4)
  13 killer bees
  7 howler monkeys
  An electric eel (D:6)
  3 hounds
  4 jellies
  20 orc priests
  An iguana (D:4)
  Natasha (twice) (D:3)
  18 orc wizards
  5 hell rats (Lair:4)
  3 shapeshifter simulacra (IceCv)
  Robin (D:2)
  9 gnolls
  6 adders
  2 shadow imps
  2 white imps (D:6)
  10 dart slugs
  A ribbon worm (D:2)
  108 orcs
  8 endoplasms
  5 giant cockroaches
  8 hobgoblins
  6 jackals
  21 kobolds
  2 quokkas
  8 ball pythons
  6 bats
  2 frilled lizards
  23 goblins
  5 rats
821 creatures vanquished.

Vanquished Creatures (others)
  An occultist (D:14)
  An unseen horror (D:13)
  A human (D:5)
  A dart slug (D:6)
4 creatures vanquished.

Grand Total: 825 creatures vanquished

Notes
Turn   | Place    | Note
-------+----------+-------------------------------------------
     0 | D:1      | Peloso the Minotaur Fighter began the quest for the Orb.
     0 | D:1      | Reached XP level 1. HP: 19/19 MP: 0/0
   174 | D:1      | Reached XP level 2. HP: 23/27 MP: 1/1
   601 | D:1      | Reached XP level 3. HP: 32/33 MP: 2/2
   803 | D:2      | Found Sedadgh's Armour Shoppe.
   864 | D:2      | Identified the +6 sling "Beulupn" {elec, Fly rElec rPois}
   916 | D:2      | Noticed Robin
   939 | D:2      | Killed Robin
   940 | D:2      | Reached skill level 1 in Dodging
   943 | D:2      | Reached XP level 4. HP: 20/41 MP: 3/3
  1165 | D:2      | Found a faded altar of an unknown god.
  1572 | D:2      | Found a runed translucent door.
  1573 | D:2      | Noticed Crazy Yiuf
  1707 | D:3      | Reached XP level 5. HP: 25/47 MP: 4/4
  2440 | D:3      | Found a glowing golden altar of the Shining One.
  2486 | D:3      | Noticed Natasha
  2494 | D:3      | Killed Natasha
  2799 | D:3      | Noticed Natasha
  2809 | D:3      | Killed Natasha
  2858 | D:4      | Reached skill level 5 in Armour
  2858 | D:4      | Reached XP level 6. HP: 40/53 MP: 5/5
  2979 | D:4      | HP: 2/53 [ogre/+0 giant spiked club (29)]
  2983 | D:4      | Reached skill level 5 in Long Blades
  3200 | D:4      | Noticed Duvessa
  3206 | D:4      | Noticed Dowan
  3217 | D:4      | Killed Duvessa
  3218 | D:4      | Reached skill level 5 in Fighting
  3218 | D:4      | Reached skill level 5 in Shields
  3236 | D:4      | Killed Dowan
  3237 | D:4      | Reached XP level 7. HP: 46/61 MP: 6/6
  3376 | D:4      | Noticed Pikel
  3395 | D:4      | Killed Pikel
  3396 | D:4      | Reached XP level 8. HP: 52/70 MP: 7/7
  3994 | D:5      | Entered Level 5 of the Dungeon
  4086 | D:5      | Found a broken altar of Ashenzari.
  4167 | D:5      | Noticed Grinder
  4175 | D:5      | Killed Grinder
  4262 | D:5      | Found a shimmering blue altar of Sif Muna.
  4405 | D:5      | Reached XP level 9. HP: 77/78 MP: 8/8
  4411 | D:5      | Found an ancient bone altar of Kikubaaqudgha.
  4993 | D:6      | Reached skill level 1 in Evocations
  5430 | D:6      | Reached skill level 10 in Long Blades
  5550 | D:7      | Found a staircase to the Ecumenical Temple.
  5568 | Temple   | Entered the Ecumenical Temple
  6040 | D:7      | Noticed Prince Ribbit
  6066 | D:7      | Killed Prince Ribbit
  6205 | D:7      | Noticed Menkaure
  6217 | D:7      | Killed Menkaure
  6379 | D:7      | Found an iron altar of Okawaru.
  6387 | D:7      | Became a worshipper of Warmaster Okawaru
  6549 | D:7      | Reached * piety under Okawaru
  6739 | D:8      | Found Diejuz's Distillery.
  6747 | D:8      | Bought a potion of heal wounds for 50 gold pieces
  7094 | D:8      | Reached XP level 10. HP: 81/88 MP: 9/9
  7279 | D:8      | Found an opulent altar of Gozag.
  7591 | D:9      | Reached ** piety under Okawaru
  7741 | D:9      | Found a flagged portal.
  7892 | Bailey   | Entered a bailey
  7909 | Bailey   | Reached skill level 1 in Invocations
  8368 | Bailey   | Reached *** piety under Okawaru
  8470 | Bailey   | Found the +8 longbow "Zephyr" {speed, Dex+3 SInv}
  8474 | Bailey   | Noticed an orc knight
  8483 | Bailey   | Killed an orc knight
  8670 | D:9      | Reached skill level 10 in Armour
  8728 | D:9      | Reached XP level 11. HP: 83/97 MP: 10/10
  8776 | D:9      | Found a staircase to the Orcish Mines.
  8925 | D:9      | Reached **** piety under Okawaru
  9046 | D:9      | Found a transporter.
  9046 | D:9      | Noticed a two-headed ogre
  9046 | D:9      | Noticed lis82's ghost (novice DgEE)
  9047 | D:9      | Identified the +7 dire flail "Buojamma" {drain, rElec}
  9047 | D:9      | Identified the +4 giant club of Revolt {flame, rC+}
  9047 | D:9      | Noticed a two-headed ogre
  9049 | D:9      | Noticed a two-headed ogre
  9224 | D:9      | Found a transporter.
  9698 | D:10     | Entered Level 10 of the Dungeon
  9770 | D:10     | Noticed Erolcha
  9777 | Abyss:1  | Cast into level 1 of the Abyss (Erolcha)
  9787 | Abyss:1  | Gained mutation: You are resistant to electric shocks.
                  | (rElec) [a neqoxec]
  9815 | Abyss:1  | Noticed a reaper
  9840 | Abyss:1  | Killed a reaper
  9854 | D:10     | Escaped the Abyss
  9862 | D:10     | Found a burning altar of Makhleb.
  9874 | D:10     | Killed Erolcha
  9874 | D:10     | Reached ***** piety under Okawaru
  9875 | D:10     | Reached skill level 10 in Fighting
  9875 | D:10     | Noticed an Executioner
 10009 | D:10     | Noticed a two-headed ogre
 10016 | D:10     | Killed a two-headed ogre
 10017 | D:10     | Reached skill level 1 in Stealth
 10236 | D:10     | Found Zamih's Antique Weapon Emporium.
 10247 | D:10     | Bought a runed scimitar for 154 gold pieces
 10615 | D:10     | Identified the +2 mace of Contradiction {freeze, rC+ Str+3}
 10625 | D:10     | Found a staircase to the Lair.
 10627 | D:10     | Noticed a death yak
 10627 | D:10     | Noticed a death yak
 10627 | D:10     | Noticed a death yak
 10652 | D:10     | Killed a death yak
 10664 | D:10     | Killed a death yak
 10680 | D:10     | Killed a death yak
 10699 | D:10     | Received a gift from Okawaru
 10708 | D:10     | Reached skill level 10 in Shields
 10865 | D:10     | Reached XP level 12. HP: 102/108 MP: 12/12
 10927 | D:10     | Found a radiant altar of Vehumet.
 11264 | D:11     | Noticed a two-headed ogre
 11271 | D:11     | Killed a two-headed ogre
 11274 | D:11     | Noticed a two-headed ogre
 11283 | D:11     | Killed a two-headed ogre
 11497 | D:11     | Identified the +2 trident of Conformity {drain, SInv}
 11593 | D:11     | Received a gift from Okawaru
 11973 | D:12     | Noticed a two-headed ogre
 11979 | D:12     | Killed a two-headed ogre
 12026 | D:12     | Noticed Kirke
 12041 | D:12     | Found a frozen archway.
 12042 | D:12     | Noticed an ice dragon
 12047 | D:12     | Received a gift from Okawaru
 12074 | D:12     | Killed an ice dragon
 12095 | D:12     | Reached skill level 15 in Long Blades
 12108 | IceCv    | Entered an ice cave
 12117 | IceCv    | Reached XP level 13. HP: 112/119 MP: 12/14
 13256 | IceCv    | Received a gift from Okawaru
 13637 | IceCv    | Found a viscous altar of Jiyva.
 13637 | IceCv    | Noticed an azure jelly
 13648 | IceCv    | Killed an azure jelly
 13651 | IceCv    | Noticed an azure jelly
 13661 | IceCv    | Killed an azure jelly
 13669 | IceCv    | Identified the amulet "Noseh" {Regen+ SInv}
 13680 | IceCv    | Got the ring of Diakhoes {rC+ MP+9 Dex+2 SInv}
 14282 | Lair:1   | Entered Level 1 of the Lair of Beasts
 14326 | Lair:1   | Reached XP level 14. HP: 65/129 MP: 15/15
 14546 | Lair:1   | Received a gift from Okawaru
 15434 | Lair:2   | Noticed Gastronok
 15451 | Lair:2   | Killed Gastronok
 16429 | Orc:1    | Entered Level 1 of the Orcish Mines
 16528 | Orc:1    | Received a gift from Okawaru
 16557 | Orc:1    | HP: 1/132 [orc warrior/+0 trident[an orc knight] (15)]
 16908 | Orc:2    | Entered Level 2 of the Orcish Mines
 17347 | Orc:2    | Found Saycvem's Assorted Antiques.
 17553 | Orc:2    | Received a gift from Okawaru
 17637 | Orc:2    | Found Yguetwos's General Store.
 17638 | Orc:2    | Found Ymusan's Antique Weapon Shop.
 17654 | Orc:2    | Bought the -1 pair of boots of Submission {rElec Regen+
                  | Str+4 Stlth-} for 266 gold pieces
 17826 | Orc:2    | Reached skill level 15 in Shields
 17937 | Orc:2    | Found a staircase to the Elven Halls.
 18943 | D:12     | Noticed a sphinx
 18949 | D:11     | Killed Kirke
 19219 | D:12     | Reached XP level 15. HP: 108/139 MP: 16/16
 19553 | Lair:3   | Found a staircase to the Snake Pit.
 19669 | Lair:3   | Received a gift from Okawaru
 19727 | Lair:3   | Noticed Nergalle
 19737 | Lair:3   | Killed Nergalle
 19844 | Lair:3   | Noticed Sonja
 19848 | Lair:3   | Killed Sonja
 19970 | Lair:3   | Found a staircase to the Shoals.
 20005 | Lair:3   | Reached skill level 5 in Dodging
 20160 | Lair:3   | Reached skill level 15 in Fighting
 20179 | Lair:3   | Reached skill level 15 in Armour
 20183 | Lair:3   | Received a gift from Okawaru
 20940 | Lair:4   | Noticed Nessos
 21032 | Lair:4   | Killed Nessos
 21087 | Lair:4   | Noticed Urug
 21102 | Lair:4   | Killed Urug
 21409 | Lair:5   | Entered Level 5 of the Lair of Beasts
 21747 | Lair:5   | Received a gift from Okawaru
 21904 | Lair:5   | Found a staircase to the Slime Pits.
 22656 | Lair:5   | Received a gift from Okawaru
 22693 | Lair:5   | HP: 7/144 [dire elephant (26)]
 22839 | Lair:5   | Reached XP level 16. HP: 149/151 MP: 17/17
 22887 | Lair:5   | Got the Vellum of Roasted Transfiguration
 24561 | D:14     | Reached ****** piety under Okawaru
 24621 | Abyss:3  | Cast into level 3 of the Abyss (an occultist)
 24631 | D:14     | Escaped the Abyss
 24652 | D:14     | Found the +3 warlock's mirror {omnireflect}
 24703 | D:14     | Received a gift from Okawaru
 25351 | D:14     | Found a gate to the Vaults.
 25481 | D:15     | Entered Level 15 of the Dungeon
 25844 | D:15     | Annihilated by an enormous slime creature

Illustrated notes

Levels and vault maps discovered:
D:1:      psy_arrival_basics, layout_loops_ring
D:2:      layout_rooms, serial_shops, shop_coins,
          shapermc_ecumenical_altar_flowoftime, uniq_robin,
          uniq_crazy_yiuf_cottage
D:3:      layout_basic, nicolae_tso_carved_into_rock, uniq_natasha
D:4:      layout_basic, uniq_pikel, uniq_duvessa
D:5:      layout_basic, tgw_kikubaaqudgha, ashenzari_altar_1, led_sif_book,
          skrybe_limestone_x, uniq_grinder
D:6:      kennysheep_slugbush, layout_loops_ring
D:7:      layout_basic, okawaru_altar_gauntlet_db,
          minmay_temple_entry_glassed_door, uniq_prince_ribbit1, uniq_menkaure
D:8:      layout_loops_cross, grunt_gozag_statues, serial_shops, shop,
          serial_park_tiny_2
D:9:      layout_basic, hiddenorc2_lemuel, gammafunk_ghost_smash,
          enter_bailey_5, dreamdust_princess_corridor
D:10:     layout_irregular_city, nicolae_vehumet_altar_sigil,
          makhleb_altar_promises_db, dpeg_lair_monsters, serial_shops, shop,
          uniq_erolcha
D:11:     layout_grid_maze
D:12:     layout_rooms, special_room [special_room_orc],
          portal_ice_cave_entry_animals_and_master, uniq_kirke
D:13:     layout_long_grid, minmay_pinched_square
D:14:     minmay_smoke_and_mirrors, layout_loops_ring, hellmonk_vaults_keyhole,
          patterned_corridor
D:15:     grunt_enter_depths_magical_seal, layout_basic, chequers_avenue
Temple:   nicolae_temple_superstar
Lair:1:   layout_small_grid, evilmike_ambush [evilmike_ambush_outer_corners,
          evilmike_ambush_inner_pond], lemuel_fruit_fields
Lair:2:   layout_cellular_growth, uniq_gastronok
Lair:3:   layout_regular_city, elwin_shoals_entry_rooms,
          guppyfry_snake_entry_island, chequers_serial_rivers_micro_b,
          nicolae_lair_grazing_beasts [nicolae_sub_lair_graze_edge,
          nicolae_sub_lair_graze_edge, nicolae_sub_lair_graze_edge,
          nicolae_sub_lair_graze_edge], infiniplex_staircase_pool_2,
          lemuel_fruit_tree, lemuel_fruit_fields, uniq_nergalle, uniq_sonja
Lair:4:   layout_roguey, beast_lair_carwin_8, uniq_nessos, uniq_urug
Lair:5:   due_jungle_book, layout_gridlike, slime_entry_1,
          chequers_serial_rivers_micro_a
Orc:1:    layout_diamond_mine, basic_altar, blackcustard_rock_pile
Orc:2:    st_orc_town, layout_caves

Skill      XL: |  1  2  3  4  5  6  7  8  9 10 11 12 13 14 15 16 |
---------------+-------------------------------------------------+-----
Armour         | 4 5 6 7 8 10 11 12 13 14 15 16 | 16.5
Shields        | 4 5 6 7 8 10 12 15 17 18 | 18.2
Fighting       | 4 5 6 7 9 10 12 13 14 16 17 | 17.0
Long Blades    | 3 4 5 7 9 11 12 14 15 16 17 18 | 18.5
Dodging        | 1 2 4 5 |  5.3
Evocations     | 1 2 |  2.9
Invocations    | 1 3 |  3.4
Stealth        | 1 |  1.7

Action                     |  1- 3 |  4- 6 |  7- 9 | 10-12 | 13-15 | 16-18 || total
---------------------------+-------+-------+-------+-------+-------+-------++-------
  Melee: Long sword        |   101 |   140 |   368 |   375 |    10 |   184 ||  1178
         Headbutt          |    14 |    27 |    62 |   166 |   516 |   122 ||   907
         Scimitar          |       |       |       |   334 |  1797 |   192 ||  2323
         Unarmed           |       |       |       |       |     3 |       ||     3
 Invoke: Heroism           |       |       |       |     7 |    14 |     2 ||    23
  Evoke: Wand              |       |       |    11 |    11 |    21 |       ||    43
    Use: Potion            |     3 |     4 |       |     3 |     4 |       ||    14
         Scroll            |     2 |     5 |     7 |     9 |    10 |     1 ||    34
 Armour: Scale mail        |    92 |    11 |       |       |       |       ||   103
         Chain mail        |       |    85 |   189 |       |       |       ||   274
         Plate armour      |       |       |    66 |   510 |  1267 |   316 ||  2159
         Skin              |       |       |       |       |    24 |       ||    24
  Dodge: Dodged            |    53 |    46 |    88 |   125 |   548 |   113 ||   973
  Block: Buckler           |    31 |    29 |       |       |       |    79 ||   139
         Kite shield       |       |       |   167 |   376 |  1509 |   198 ||  2250
         Reflection        |       |       |       |       |       |     9 ||     9
